TOP OF THE 1ST |
St. Louis Coeur batting - Pitching for San Mateo Dirty Reds : RHP Travis Morgan
|
Pitching: RHP Travis Morgan
|
|
Batting: RHB Guillermo Coss
|
0-0: Ball 1-0: Foul Ball, location: 2F 1-1: Ball 2-1: Ball 3-1: Swinging Strike 3-2: Base on Balls
|
Batting: RHB Jaime Soto
|
0-0: Ball 1-0: Called Strike 1-1: Ball 2-1: Ball 3-1: Foul Ball, location: 2F 3-2: Fly out, F9 (Flyball, 9LDF, EV 98.8 MPH)
|
Batting: LHB Qing-nian Zexian
|
0-0: Ball Guillermo Coss steals 2nd base (no throw) 1-0: Fly out, F8 (Flyball, 89M, EV 87.5 MPH)
|
Batting: RHB Nobuhisa Murakami
|
0-0: Ball 1-0: Foul Ball, location: 2F 1-1: SINGLE (Line Drive, 8RS, EV 104.4 MPH) Guillermo Coss to third
|
Batting: RHB Joel Iyiegbuniwe
|
0-0: Ball 1-0: Swinging Strike 1-1: Ball 2-1: Foul Ball, location: 2F 2-2: Ball 3-2: Fly out, F8 (Flyball, 8RS, EV 84.4 MPH)
|
Top of the 1st over - 0 runs, 1 hit, 0 errors, 2 left on base; St. Louis 0 - San Mateo 0 |
BOTTOM OF THE 1ST |
San Mateo Dirty Reds batting - Pitching for St. Louis Coeur : LHP Ralph Greer
|
Pitching: LHP Ralph Greer
|
|
Batting: RHB Jesús Gómez
|
0-0: Swinging Strike 0-1: Ball 1-1: Foul Ball, location: 2F 1-2: Ball 2-2: Strikes out looking
|
Batting: RHB Kawenaula Alohalani
|
0-0: Ball 1-0: SINGLE (Groundball, 56D, EV 96.9 MPH)
|
Batting: RHB Eddie Neef
|
0-0: Called Strike 0-1: Ball 1-1: Swinging Strike 1-2: Foul Ball, location: 2F 1-2: Foul Ball, location: 2F 1-2: Grounds into double play, 5-4-3 (Groundball, 5, EV 82.5 MPH)
|
Bottom of the 1st over - 0 runs, 1 hit, 0 errors, 0 left on base; St. Louis 0 - San Mateo 0 |
TOP OF THE 2ND |
St. Louis Coeur batting - Pitching for San Mateo Dirty Reds : RHP Travis Morgan
|
Batting: RHB Joe Mueller
|
0-0: Called Strike 0-1: Called Strike 0-2: SINGLE (Flyball, 9LS, EV 91.9 MPH) - OUT at second base trying to stretch hit.
|
Batting: LHB Harry Cornelis
|
0-0: Called Strike 0-1: Foul Ball, location: 2F 0-2: Ball 1-2: Ball 2-2: Foul Ball, location: 2F 2-2: Ball 3-2: Foul Ball, location: 2F 3-2: Base on Balls
|
Batting: RHB Ik-jun Cho
|
0-0: Called Strike 0-1: Called Strike 0-2: Foul Ball, location: 2F 0-2: Foul Ball, location: 2F 0-2: Fly out, F8 (Flyball, 8LD, EV 99.4 MPH)
|
Batting: RHB Jack Bonner
|
0-0: Called Strike 0-1: Ball 1-1: Ground out 4-3 (Groundball, 4, EV 85.0 MPH)
|
Top of the 2nd over - 0 runs, 1 hit, 0 errors, 1 left on base; St. Louis 0 - San Mateo 0 |
BOTTOM OF THE 2ND |
San Mateo Dirty Reds batting - Pitching for St. Louis Coeur : LHP Ralph Greer
|
Batting: RHB Zahid Kashani
|
0-0: Foul Ball, location: 2F 0-1: Ball 1-1: Ball 2-1: Foul Ball, location: 2F 2-2: Ball 3-2: Base on Balls
|
Batting: RHB Kyu-cheol Kye
|
0-0: Ball 1-0: Called Strike 1-1: Ball 2-1: Swinging Strike 2-2: Strikes out swinging
|
Batting: RHB Yaakov Shmerkin
|
Balk! Zahid Kashani to second 0-0: SINGLE (Groundball, 56D, EV 101.2 MPH) Zahid Kashani to third Runner from 3rd tries for Home, SAFE, no throw by LF
|
Batting: LHB Quitério Ruah
|
0-0: Swinging Strike 0-1: Ball 1-1: SINGLE (Flyball, 8RS, EV 88.8 MPH) Yaakov Shmerkin to second Throwing error, E8 Yaakov Shmerkin scores Quitério Ruah to second
|
Batting: RHB Silvian Burger
|
0-0: Called Strike 0-1: Ground out 5-3 (Groundball, 56S, EV 80.0 MPH)
|
Batting: RHB Jimmy Scott
|
0-0: Ground out 4-3 (Groundball, 34, EV 78.1 MPH)
|
Bottom of the 2nd over - 2 runs, 2 hits, 1 error, 1 left on base; St. Louis 0 - San Mateo 2 |
TOP OF THE 3RD |
St. Louis Coeur batting - Pitching for San Mateo Dirty Reds : RHP Travis Morgan
|
Batting: RHB Guillermo Coss
|
0-0: Ball 1-0: DOUBLE (Line Drive, 9LS, EV 88.8 MPH)
|
Batting: RHB Jaime Soto
|
0-0: Called Strike 0-1: Foul Ball, location: 2F 0-2: Reached on error, E6 (Groundball, 6, EV 91.2 MPH) Guillermo Coss scores
|
Batting: LHB Qing-nian Zexian
|
0-0: Called Strike 0-1: Called Strike 0-2: Fly out, F7 (Flyball, 7, EV 90.0 MPH)
|
Batting: RHB Nobuhisa Murakami
|
0-0: Foul Ball, location: 2F 0-1: Ball 1-1: Swinging Strike 1-2: Ball 2-2: SINGLE (Groundball, 6D, EV 98.1 MPH) Jaime Soto to third
|
Batting: RHB Joel Iyiegbuniwe
|
0-0: Called Strike 0-1: Ball 1-1: Fielders Choice at 2nd, 5-4 (Groundball, 56, EV 82.5 MPH) Jaime Soto scores
|
Batting: RHB Joe Mueller
|
0-0: Ball Joel Iyiegbuniwe steals 2nd base 1-0: Ground out 4-3 (Groundball, 4, EV 83.1 MPH)
|
Top of the 3rd over - 2 runs, 2 hits, 1 error, 1 left on base; St. Louis 2 - San Mateo 2 |
BOTTOM OF THE 3RD |
San Mateo Dirty Reds batting - Pitching for St. Louis Coeur : LHP Ralph Greer
|
Batting: RHB Jesús Gómez
|
0-0: Foul Ball, location: 2F 0-1: Ball 1-1: Ground out 4-3 (Groundball, 4, EV 85.6 MPH)
|
Batting: RHB Kawenaula Alohalani
|
0-0: Ball 1-0: Swinging Strike 1-1: Foul Ball, location: 2F 1-2: Ball 2-2: Foul Ball, location: 2F 2-2: Foul Ball, location: 2F 2-2: Fly out, F7 (Line Drive, 7D, EV 93.8 MPH)
|
Batting: RHB Eddie Neef
|
0-0: Called Strike 0-1: Called Strike 0-2: Ball 1-2: Ground out 6-3 (Groundball, 6, EV 80.0 MPH)
|
Bottom of the 3rd over - 0 runs, 0 hits, 0 errors, 0 left on base; St. Louis 2 - San Mateo 2 |
TOP OF THE 4TH |
St. Louis Coeur batting - Pitching for San Mateo Dirty Reds : RHP Travis Morgan
|
Batting: LHB Harry Cornelis
|
0-0: Ball 1-0: SOLO HOME RUN (Flyball, 7LD, EV 98.8 MPH), Distance : 352 ft
|
Batting: RHB Ik-jun Cho
|
0-0: Called Strike 0-1: Ball 1-1: Ball 2-1: Ball 3-1: Foul Ball, location: 2F 3-2: Base on Balls
|
Batting: RHB Jack Bonner
|
0-0: Ball Wild Pitch! Ik-jun Cho to second 1-0: SINGLE (Groundball, 6MD, EV 98.8 MPH) Ik-jun Cho to third
|
Batting: RHB Guillermo Coss
|
0-0: Ball 1-0: Swinging Strike 1-1: SINGLE (Line Drive, 7S, EV 105.0 MPH) Ik-jun Cho scores Jack Bonner to second
|
Batting: RHB Jaime Soto
|
0-0: Foul Ball, location: 2F 0-1: Ball 1-1: Ball 2-1: Foul Ball, location: 2F 2-2: Ball 3-2: Fielders Choice at 2nd, 1-4 (Groundball, 15S, EV 68.8 MPH) Jack Bonner to third
|
Batting: LHB Qing-nian Zexian
|
0-0: Foul Ball, location: 2F 0-1: Ball 1-1: Grounds into double play, 1-4-3 (Groundball, 25, EV 62.5 MPH)
|
Top of the 4th over - 2 runs, 3 hits, 0 errors, 1 left on base; St. Louis 4 - San Mateo 2 |
BOTTOM OF THE 4TH |
San Mateo Dirty Reds batting - Pitching for St. Louis Coeur : LHP Ralph Greer
|
Batting: RHB Zahid Kashani
|
0-0: Ball 1-0: Ground out 6-3 (Groundball, 4MS, EV 75.0 MPH)
|
Batting: RHB Kyu-cheol Kye
|
0-0: Ball 1-0: Swinging Strike 1-1: Called Strike 1-2: Strikes out swinging
|
Batting: RHB Yaakov Shmerkin
|
0-0: Foul Ball, location: 2F 0-1: Foul Ball, location: 2F 0-2: DOUBLE (Groundball, 5L, EV 109.4 MPH)
|
Batting: LHB Quitério Ruah
|
0-0: Ball 1-0: Swinging Strike 1-1: Called Strike 1-2: Strikes out swinging
|
Bottom of the 4th over - 0 runs, 1 hit, 0 errors, 1 left on base; St. Louis 4 - San Mateo 2 |
TOP OF THE 5TH |
St. Louis Coeur batting - Pitching for San Mateo Dirty Reds : RHP Travis Morgan
|
Batting: RHB Nobuhisa Murakami
|
0-0: Ball 1-0: Ball 2-0: Ground out 5-3 (Groundball, 56S, EV 90.6 MPH)
|
Batting: RHB Joel Iyiegbuniwe
|
0-0: Called Strike 0-1: Ball 1-1: Fly out, F3 (Line Drive, 3, EV 66.9 MPH)
|
Batting: RHB Joe Mueller
|
0-0: Swinging Strike 0-1: Ball 1-1: Foul Ball, location: 2F 1-2: Foul Ball, location: 2F 1-2: Foul Ball, location: 2F 1-2: SINGLE (Line Drive, 56, EV 96.2 MPH)
|
Batting: LHB Harry Cornelis
|
0-0: Ball 1-0: Called Strike 1-1: Called Strike 1-2: Ground out 4-3 (Groundball, 4, EV 103.8 MPH)
|
Top of the 5th over - 0 runs, 1 hit, 0 errors, 1 left on base; St. Louis 4 - San Mateo 2 |
BOTTOM OF THE 5TH |
San Mateo Dirty Reds batting - Pitching for St. Louis Coeur : LHP Ralph Greer
|
Batting: RHB Silvian Burger
|
0-0: SINGLE (Groundball, 15S, EV 69.4 MPH) (infield hit)
|
Batting: RHB Jimmy Scott
|
0-0: Called Strike 0-1: Ball 1-1: Called Strike 1-2: Strikes out swinging
|
Batting: RHB Jesús Gómez
|
0-0: Ball 1-0: Ball 2-0: Called Strike 2-1: Swinging Strike 2-2: Ball 3-2: Strikes out swinging
|
Batting: RHB Kawenaula Alohalani
|
0-0: Called Strike 0-1: Ball Silvian Burger steals 2nd base 1-1: Ball 2-1: Ground out 6-3 (Groundball, 6S, EV 85.6 MPH)
|
Bottom of the 5th over - 0 runs, 1 hit, 0 errors, 1 left on base; St. Louis 4 - San Mateo 2 |
TOP OF THE 6TH |
St. Louis Coeur batting - Pitching for San Mateo Dirty Reds : RHP Travis Morgan
|
Batting: RHB Ik-jun Cho
|
0-0: Swinging Strike 0-1: Called Strike 0-2: SINGLE (Groundball, 6MD, EV 96.2 MPH)
|
Pitching: RHP Wendell Drabek
|
|
Batting: RHB Jack Bonner
|
0-0: Ball 1-0: Fly out, F7 (Flyball, 78S, EV 85.6 MPH)
|
Batting: RHB Guillermo Coss
|
0-0: Ball 1-0: Foul Ball, location: 2F 1-1: Ground out 4-3 (Groundball, 4MS, EV 69.4 MPH) Ik-jun Cho to second
|
Batting: RHB Jaime Soto
|
0-0: Ground out 6-3 (Groundball, 6, EV 90.0 MPH)
|
Top of the 6th over - 0 runs, 1 hit, 0 errors, 1 left on base; St. Louis 4 - San Mateo 2 |
BOTTOM OF THE 6TH |
San Mateo Dirty Reds batting - Pitching for St. Louis Coeur : LHP Ralph Greer
|
Batting: RHB Eddie Neef
|
0-0: Ball 1-0: Foul Ball, location: 2F 1-1: Foul Ball, location: 2F 1-2: Foul Ball, location: 2F 1-2: Ground out 6-3 (Groundball, 6, EV 88.1 MPH)
|
Batting: RHB Zahid Kashani
|
0-0: Called Strike 0-1: Ball 1-1: Ball 2-1: Foul Ball, location: 2F 2-2: Ground out 1-3 (Groundball, 23, EV 92.5 MPH)
|
Batting: RHB Kyu-cheol Kye
|
0-0: Ball 1-0: Ball 2-0: Called Strike 2-1: Swinging Strike 2-2: Fly out, F8 (Line Drive, 8LM, EV 101.9 MPH)
|
Bottom of the 6th over - 0 runs, 0 hits, 0 errors, 0 left on base; St. Louis 4 - San Mateo 2 |
TOP OF THE 7TH |
St. Louis Coeur batting - Pitching for San Mateo Dirty Reds : RHP Wendell Drabek
|
Batting: LHB Qing-nian Zexian
|
0-0: Ball 1-0: Fly out, F8 (Line Drive, 8RM, EV 93.1 MPH)
|
Batting: RHB Nobuhisa Murakami
|
0-0: Called Strike 0-1: Swinging Strike 0-2: Ball 1-2: Ball 2-2: Ball 3-2: Base on Balls
|
Batting: RHB Joel Iyiegbuniwe
|
0-0: Called Strike 0-1: Ball 1-1: Ball 2-1: Ball 3-1: Fielders Choice at 2nd, 5-4 (Groundball, 56, EV 86.2 MPH)
|
Batting: RHB Joe Mueller
|
0-0: Called Strike Joel Iyiegbuniwe steals 2nd base (no throw) 0-1: Ball 1-1: SINGLE (Groundball, 56D, EV 106.9 MPH) Joel Iyiegbuniwe to third Runner from 3rd tries for Home, SAFE, throw by LF to home Joe Mueller to second
|
Batting: LHB Harry Cornelis
|
0-0: Called Strike 0-1: Foul Ball, location: 2F 0-2: Ball 1-2: Strikes out swinging
|
Top of the 7th over - 1 run, 1 hit, 0 errors, 1 left on base; St. Louis 5 - San Mateo 2 |
BOTTOM OF THE 7TH |
San Mateo Dirty Reds batting - Pitching for St. Louis Coeur : LHP Ralph Greer
|
Pitching: RHP Melvin Turner
|
|
Batting: RHB Yaakov Shmerkin
|
0-0: Foul Ball, location: 2F 0-1: Foul Ball, location: 2F 0-2: Fly out, F9 (Flyball, 9D, EV 101.9 MPH)
|
Batting: LHB Quitério Ruah
|
0-0: Ball 1-0: Swinging Strike 1-1: SINGLE (Groundball, 56D, EV 103.8 MPH)
|
Batting: RHB Silvian Burger
|
0-0: Called Strike 0-1: Fielders Choice at 2nd, 1-4 (Groundball, 15, EV 91.2 MPH)
|
Batting: RHB Jimmy Scott
|
0-0: Called Strike Silvian Burger is caught stealing 2nd base 2-4
|
Bottom of the 7th over - 0 runs, 1 hit, 0 errors, 0 left on base; St. Louis 5 - San Mateo 2 |
TOP OF THE 8TH |
St. Louis Coeur batting - Pitching for San Mateo Dirty Reds : RHP Wendell Drabek
|
Pitching: LHP Urs Ehles
|
|
Batting: RHB Ik-jun Cho
|
0-0: Foul Ball, location: 2F 0-1: Foul Ball, location: 2F 0-2: Ball 1-2: Ball 2-2: Fly out, F9 (Flyball, 89D, EV 105.6 MPH)
|
Batting: RHB Jack Bonner
|
0-0: Ball 1-0: Called Strike 1-1: Ground out 1-3 (Groundball, 13, EV 81.2 MPH)
|
Batting: RHB Guillermo Coss
|
0-0: Swinging Strike 0-1: Ground out U3 (Groundball, 3, EV 90.0 MPH)
|
Top of the 8th over - 0 runs, 0 hits, 0 errors, 0 left on base; St. Louis 5 - San Mateo 2 |
BOTTOM OF THE 8TH |
San Mateo Dirty Reds batting - Pitching for St. Louis Coeur : RHP Melvin Turner
|
Batting: RHB Jimmy Scott
|
0-0: Called Strike 0-1: Called Strike 0-2: Strikes out swinging
|
Batting: RHB Jesús Gómez
|
0-0: Ball 1-0: Ball 2-0: Fly out, F8 (Flyball, 8RXD, EV 91.2 MPH)
|
Batting: RHB Kawenaula Alohalani
|
0-0: Called Strike 0-1: Foul Ball, location: 2F 0-2: SINGLE (Groundball, 6MD, EV 93.8 MPH)
|
Batting: RHB Eddie Neef
|
0-0: Ball 1-0: Ball 2-0: Called Strike 2-1: Foul Ball, location: 2F 2-2: Hit by Pitch Kawenaula Alohalani to second
|
Batting: RHB Zahid Kashani
|
0-0: Ball 1-0: Ball 2-0: Called Strike 2-1: Foul Ball, location: 2F 2-2: Strikes out looking
|
Bottom of the 8th over - 0 runs, 1 hit, 0 errors, 2 left on base; St. Louis 5 - San Mateo 2 |
TOP OF THE 9TH |
St. Louis Coeur batting - Pitching for San Mateo Dirty Reds : LHP Urs Ehles
|
Batting: RHB Jaime Soto
|
0-0: Ball 1-0: Called Strike 1-1: Called Strike 1-2: Foul Ball, location: 2F 1-2: Strikes out swinging
|
Batting: LHB Qing-nian Zexian
|
0-0: Foul Ball, location: 2F 0-1: Called Strike 0-2: Ball 1-2: Strikes out swinging
|
Batting: RHB Nobuhisa Murakami
|
0-0: Called Strike 0-1: Swinging Strike 0-2: Strikes out swinging
|
Top of the 9th over - 0 runs, 0 hits, 0 errors, 0 left on base; St. Louis 5 - San Mateo 2 |
BOTTOM OF THE 9TH |
San Mateo Dirty Reds batting - Pitching for St. Louis Coeur : RHP Melvin Turner
|
Batting: RHB Kyu-cheol Kye
|
0-0: Ball 1-0: Fly out, F7 (Flyball, 78S, EV 83.8 MPH)
|
Batting: RHB Yaakov Shmerkin
|
0-0: Ball 1-0: Ball 2-0: Swinging Strike 2-1: Fly out, F9 (Flyball, 9LMF, EV 108.1 MPH)
|
Batting: LHB Quitério Ruah
|
0-0: Ball 1-0: Ball 2-0: Called Strike 2-1: Ground out 4-3 (Groundball, 34, EV 88.1 MPH)
|
Bottom of the 9th over - 0 runs, 0 hits, 0 errors, 0 left on base; St. Louis 5 - San Mateo 2 |
|